 Dungeon Crawl Stone Soup version 0.25-a0-860-gf695395b5c (webtiles) character file.

Game seed: 18205890084477485282, levelgen mode: deterministic

244 Maedhros the Charlatan (level 6, -11/38 HPs)
             Began as an Octopode Artificer on Apr 27, 2020.
             Mangled by a mummy (19 damage)
             ... in an ossuary.
             The game lasted 00:04:08 (694 turns).

Maedhros the Charlatan (Octopode Artificer)          Turns: 694, Time: 00:04:09

Health: -11/38     AC:  1    Str: 11    XL:     6   Next: 10%
Magic:  9/9        EV: 13    Int: 13    God:
Gold:   89         SH:  0    Dex: 15    Spells: 5/5 levels left

rFire    . . .     SeeInvis .   a - +0 short sword
rCold    . . .     Gourm    .   (no shield)
rNeg     . . .     Faith    .   (helmet restricted)
rPois    .         Spirit   .   (no amulet)
rElec    .         Reflect  .   (no ring)
rCorr    .         Harm     .   (no ring)
MR       .....                  (no ring)
Stlth    ++++......             (no ring)
HPRegen  0.12/turn              (no ring)
MPRegen  0.11/turn              (no ring)
                                (no ring)
                                (no ring)

@: marked
A: almost no armour, stealthy swim, amphibious, 8 rings, constrict 8, camouflage
1, gelatinous body 1
a: no special abilities


You were in an ossuary.
You were not hungry.

You visited 1 branch of the dungeon, and saw 5 of its levels.
You also visited: Sewer and Ossuary.

You collected 89 gold pieces.

Inventory:

Hand Weapons
 a - a +0 short sword (weapon)
 j - a +0 rapier
Wands
 b - a wand of flame (8)
 c - a wand of enslavement (6)
 d - a wand of random effects (4)
Scrolls
 e - 2 scrolls of identify {unknown}
 g - a scroll of remove curse {unknown}
 h - 2 scrolls of blinking {unknown}
 i - a scroll of teleportation {unknown}
Comestibles
 f - 2 rations


   Skills:
 - Level 1.0 Fighting
 - Level 1.0 Short Blades
 - Level 2.0 Dodging
 + Level 4.2 Stealth
 * Level 3.9 Unarmed Combat
 + Level 4.5 Evocations


You had 5 spell levels left.
You didn't know any spells.
Your spell library was empty.

Dungeon Overview and Level Annotations

Branches:
Dungeon (5/15)              Sewer (visited)         Ossuary (1/1)
 Temple: D:4-7

Altars:


Innate Abilities, Weirdness & Mutations

You cannot wear most types of armour.
You are very stealthy in the water. (Stealth+)
You are amphibious.
You can wear up to eight rings at the same time.
You can use your tentacles to constrict eight enemies at once.
Your skin changes colour to match your surroundings (Stealth+).
Your rubbery body absorbs attacks. (AC +1, EV +1)


Message History

You see here a throwing net.
You struggle against the net.
You struggle against the net.
Something pulls the alarm!
The alarm trap emits a blaring wail!
The mark upon you grows brighter.
You struggle against the net.
You shred the net and break free! Something hits you but does no damage.
You closely miss something. You tentacle-slap something. You hit something.
Your squeeze misses something. The centaur zombie hits you! Something hits you!
* * * LOW HITPOINT WARNING * * *
Evoke which item? (* to show all) (? for menu, Esc to quit)
Aiming: Enslavement
Press: ? - help, Shift-Dir - straight line, f - centaur zombie
Aim: a centaur zombie (heavily damaged, chance to defeat MR: 72%) Nothing appears to happen.
The centaur zombie misses you. The centaur zombie closely misses you.
Something hits you!!
Ouch! That really hurt!
You die...

#.....#
#..M..#
##^....##
#.......#
##..M..##
#.......#
##.....##
#.^.Z.^.#
##..@..##
#.......#
##.^..^##
#.......#
##^....##
#.^.....
##...^.##
....^..
##.^.^.#


You could see 2 mummies and a centaur zombie.

Vanquished Creatures
  An ogre (D:5)
  A centaur zombie (Ossuary)
  A worker ant (D:4)
  An adder (D:5)
  9 bats
  2 giant cockroaches (D:1)
  2 goblins (D:1)
  A hobgoblin (D:1)
  2 frilled lizards (D:1)
  2 kobolds
  4 rats
26 creatures vanquished.

Vanquished Creatures (collateral kills)
  3 centaur zombies (Ossuary)
  A big kobold zombie (Ossuary)
  2 mummies (Ossuary)
  A hobgoblin zombie (Ossuary)
7 creatures vanquished.

Vanquished Creatures (others)
  A centaur zombie (Ossuary)
  A mummy (Ossuary)
2 creatures vanquished.

Grand Total: 35 creatures vanquished

Notes
Turn   | Place    | Note
-------+----------+-------------------------------------------
     0 | D:1      | Maedhros the Octopode Artificer began the quest for the
                  | Orb.
     0 | D:1      | Reached XP level 1. HP: 13/13 MP: 3/3
   151 | D:1      | Reached skill level 1 in Unarmed Combat
   151 | D:1      | Reached XP level 2. HP: 18/18 MP: 4/4
   393 | D:3      | Found a glowing drain.
   408 | Sewer    | Entered a sewer
   458 | Sewer    | Noticed Purgy
   586 | D:4      | Reached XP level 3. HP: 15/23 MP: 5/5
   594 | D:5      | Entered Level 5 of the Dungeon
   619 | D:5      | Noticed an ogre
   621 | D:5      | Found a sand-covered staircase.
   624 | D:5      | Killed an ogre
   624 | D:5      | Reached XP level 4. HP: 16/28 MP: 5/7
   624 | D:5      | Reached XP level 5. HP: 19/33 MP: 5/8
   635 | Ossuary  | Entered an ossuary
   655 | Ossuary  | Reached XP level 6. HP: 23/38 MP: 9/9
   694 | Ossuary  | Mangled by a mummy

Levels and vault maps discovered:
D:1:      dpeg_arrival_prison, layout_loops_corners
D:2:      layout_loops_cross
D:3:      layout_loops_corners, nicolae_overflow_crystal_walls, first_ration,
          cheibrodos_sewer_entry_drain
D:4:      corexii_shack_village, layout_basic, minmay_temple_entry_wispy,
          minmay_a_box_with_orc_wizards_in_it
D:5:      layout_basic, enter_ossuary_2, minmay_puff
Ossuary:  ossuary_the_hunt_dpeg

Skill      XL: |  1  2  3  4  5 |
---------------+----------------+-----
Unarmed Combat | 1 2 3 |  3.9
Stealth        | 2 3 4 |  4.2
Evocations     | 4 |  4.5
Fighting       | |  1.0
Short Blades   | |  1.0
Dodging        | |  2.0

Action                   |  1- 3 |  4- 6 || total
-------------------------+-------+-------++-------
Melee: Short sword       |    46 |     4 ||    50
       Constrict         |     9 |       ||     9
       Tentacles         |     5 |     1 ||     6
       Punch             |     1 |     1 ||     2
Evoke: Wand              |    17 |    10 ||    27
  Use: Potion            |     1 |       ||     1
 Stab: Sleeping          |     5 |       ||     5
       Distracted        |       |     1 ||     1
Armor: Skin              |    16 |     1 ||    17
Dodge: Dodged            |    56 |     3 ||    59

Table legend:
 A = Non-vault XP
 B = Vault XP
 C = Vault XP percentage of total XP
 D = Non-vault monster count
 E = Vault monster count
 F = Vault count percentage of total count
                 A         B        C        D         E       F
            +---------+---------+-------+---------+---------+-------
      Total |     191 |     158 |  45.3 |      17 |      16 |  48.5
            +---------+---------+-------+---------+---------+-------
        D:1 |      20 |       2 |   9.1 |      13 |       1 |   7.1
        D:3 |       2 |       2 |  50.0 |       1 |       2 |  66.7
        D:4 |      34 |       0 |   0.0 |       1 |       0 |   0.0
        D:5 |     135 |       0 |   0.0 |       2 |       0 |   0.0
      Sewer |       0 |       7 | 100.0 |       0 |       5 | 100.0
    Ossuary |       0 |     147 | 100.0 |       0 |       8 | 100.0
            +---------+---------+-------+---------+---------+-------
